 Dungeon Crawl Stone Soup version 0.27.1-4-g1640c2035a (webtiles) character file.

Game seed: 11185365464553802947

329 Stomo444 the Grave Robber (level 6, -5/31 (32) HPs)
             Began as a Vine Stalker Necromancer on Nov 11, 2021.
             Slain by an orc warrior (18 damage)
             ... on level 4 of the Dungeon.
             The game lasted 00:12:30 (4503 turns).

Stomo444 the Grave Robber (VSNe)                    Turns: 4503, Time: 00:12:30

HP:   -5/31 (32)    AC:  2    Str: 13    XL:     6   Next: 51%
MP:   0/19          EV: 13    Int: 15    God:
Gold: 53            SH:  0    Dex: 14    Spells: 5/9 levels left

rFire    . . .     SeeInvis .   r - +2 rapier (venom)
rCold    . . .     Faith    .   (no shield)
rNeg     . . .     Spirit   +   a - +0 robe
rPois    .         Reflect  .   (no helmet)
rElec    .         Harm     .   (no cloak)
rCorr    .         Rampage  .   (no gloves)
Will     .....                  (no boots)
Stlth    ++........             (no amulet)
HPRegen  1.10/turn              g - ring of magical power
MPRegen  0.16/turn              o - ring of flight

@: flying, very slightly contaminated, lightly drained
A: fangs 2, regeneration 1, magic shield, antimagic bite, no potion heal 2
a: no special abilities


You were on level 4 of the Dungeon.
You visited 1 branch of the dungeon, and saw 4 of its levels.

You collected 53 gold pieces.

Inventory:

Hand Weapons
 e - a +0 club
 r - a +2 rapier of venom (weapon)
Armour
 a - a +0 robe (worn)
Jewellery
 g - a ring of magical power (left hand)
 o - a ring of flight (right hand)
Scrolls
 b - 5 scrolls of identify {unknown}
 c - a scroll of torment {unknown}
 j - 2 scrolls of noise {unknown}
 m - a scroll of fog {unknown}
 p - 3 scrolls of teleportation {unknown}
 q - a scroll of vulnerability {unknown}
Potions
 d - a potion of heal wounds {unknown}
 f - 2 potions of haste {unknown}
 h - a potion of flight {unknown}
 i - 3 potions of mutation {unknown}
 k - a potion of brilliance {unknown}
 l - a potion of invisibility {unknown}
 n - a potion of berserk rage {unknown}


   Skills:
 - Level 3.6 Fighting
 + Level 1.8 Short Blades
 - Level 3.7 Dodging
 - Level 2.4 Stealth
 - Level 2.1 Spellcasting
 - Level 4.0 Necromancy


You had 5 spell levels left.
You knew the following spells:

 Your Spells              Type           Power      Damage    Failure   Level
a - Pain                  Necr           52%        1d6       4%          1
b - Vampiric Draining     Necr           6%         2d6       13%         3

Your spell library contained the following spells:

 Spells                   Type           Power      Damage    Failure   Level
 Animate Skeleton         Necr           26%        N/A       4%          1
 Passwall                 Tmut/Erth      0%         N/A       32%         2
 Animate Dead             Necr           6%         N/A       38%         4
 Swiftness                Air            1%         N/A       54%         3
 Agony                    Necr           13%        N/A       75%         5
 Invisibility             Hex            0%         N/A       100%        6


Dungeon Overview and Level Annotations

Branches:
Dungeon (4/15)
 Temple: D:4-7

Altars:
Gozag

Shops:
D:3 (


Innate Abilities, Weirdness & Mutations

You have extremely sharp teeth.
Your natural rate of healing is unusually fast.
When hurt, damage is shared between your health and your magic reserves.
Your bite disrupts and absorbs the magic of your enemies.
Potions cannot restore your health.


Message History

You draw life force from the orc warrior.
You feel life coursing into your body. The orc warrior closely misses you.
Casting: Vampiric Draining (quite dangerous; 13% risk of failure)
Confirm with . or Enter, or press ? or * to list all spells.
The spell is quite dangerous to cast (13% risk of failure)!
Continue anyway?
Aiming: Vampiric Draining (quite dangerous; 13% risk of failure)
Press: ? - help, Shift-Dir - straight line, f/p - orc warrior
Aim: an orc warrior, wielding a +0 long sword and wearing a +0 plate armour (moderately wounded)
You draw life force from the orc warrior.
You feel life coursing into your body.
The orc warrior hits you with a +0 long sword!
Casting: Vampiric Draining (quite dangerous; 13% risk of failure)
Confirm with . or Enter, or press ? or * to list all spells.
The spell is quite dangerous to cast (13% risk of failure)!
Continue anyway?
Aiming: Vampiric Draining (quite dangerous; 13% risk of failure)
Press: ? - help, Shift-Dir - straight line, f/p - orc warrior
Aim: an orc warrior, wielding a +0 long sword and wearing a +0 plate armour (moderately wounded)
You miscast Vampiric Draining.
You are very lightly contaminated with residual magic.
Nothing appears to happen.
The orc warrior closely misses you.
You closely miss the orc warrior.
The orc warrior is moderately wounded.
The orc warrior barely misses you.
You completely miss the orc warrior.
You bite the orc warrior, but do no damage.
The orc warrior is moderately wounded.
The orc wizard casts a spell.
The orc wizard flickers and vanishes!
Deactivating autopickup; reactivate with Ctrl-A.
The orc warrior barely misses you.
You hit the orc warrior but do no damage.
The orc warrior is poisoned.
Your bite misses the orc warrior.
The orc warrior is moderately wounded.
The orc warrior hits you with a +0 long sword!
You closely miss the orc warrior.
You bite the orc warrior, but do no damage.
The orc warrior is heavily wounded.
The orc warrior hits you with a +0 long sword!!
Ouch! That really hurt!
You die...

##..# #.#
##.# #.# ##
#.# #.# . ..
#.# #.# #.
#o #.# #.#
...# #o #.#
#.# .....#.
#.#
#..o######.#
#.wo..o@...#
#.##########


You could see an orc warrior (very poisoned), a worm and 2 orcs.

Vanquished Creatures
  A scorpion (D:4)
  A hound (D:3)
  An orc priest (D:2)
  Terence (D:2)
  An iguana (D:3)
  4 gnolls (D:4)
  3 adders
  2 worms (D:3)
  3 dart slugs (D:1)
  6 orcs
  6 bats
  8 endoplasms
  A giant cockroach (D:2)
  10 goblins
  5 hobgoblins
  8 jackals
  4 kobolds
  3 quokkas
  5 ball pythons
  2 frilled lizards
  2 rats
77 creatures vanquished.

Notes
Turn   | Place    | Note
-------+----------+-------------------------------------------
     0 | D:1      | Stomo444 the Vine Stalker Necromancer began the quest for
                  | the Orb.
     0 | D:1      | Reached XP level 1. HP: 9/9 MP: 4/4
   478 | D:1      | Reached XP level 2. HP: 9/14 MP: 1/6
   495 | D:1      | Reached skill level 1 in Fighting
  1870 | D:1      | Reached XP level 3. HP: 16/18 MP: 7/7
  1996 | D:2      | Learned a level 3 spell: Vampiric Draining
  2220 | D:2      | Found an opulent altar of Gozag.
  2308 | D:2      | Noticed Terence
  2322 | D:2      | Killed Terence
  2323 | D:2      | Gained mutation: Your natural rate of healing is unusually
                  | fast. [Vine Stalker growth]
  2323 | D:2      | Reached XP level 4. HP: 13/23 MP: 0/8
  3000 | D:3      | Reached XP level 5. HP: 27/27 MP: 9/9
  3017 | D:3      | Found Zooh's Weapon Emporium.
  4072 | D:4      | Reached XP level 6. HP: 32/32 MP: 10/10
  4385 | D:4      | Reached skill level 1 in Short Blades
  4485 | D:4      | Noticed an orc warrior
  4503 | D:4      | Slain by an orc warrior

Illustrated notes

Levels and vault maps discovered:
D:1:      evilmike_arrival_plus, layout_loops_ring,
          chequers_serial_rivers_small_b
D:2:      layout_rooms, basic_altar, uniq_terence
D:3:      layout_loops_ring, serial_shops, nicolae_shop_crystal
D:4:      layout_loops_corners, lemuel_crystal_altar

Skill      XL: |  1  2  3  4  5  6 |
---------------+-------------------+-----
Fighting       | 1 2 3 |  3.6
Dodging        | 2 3 |  3.7
Short Blades   | 1 |  1.8
Stealth        | |  2.4
Spellcasting   | |  2.1
Necromancy     | |  4.0

Action                   |  1- 3 |  4- 6 || total
-------------------------+-------+-------++-------
Melee: Club              |    69 |    81 ||   150
       Bite              |    14 |    33 ||    47
       Rapier            |       |    22 ||    22
 Cast: Pain              |    34 |    77 ||   111
       Vampiric Draining |     2 |    12 ||    14
 Stab: Sleeping          |       |     1 ||     1
Armor: Robe              |    15 |     9 ||    24
Dodge: Dodged            |    66 |    76 ||   142
